 Dungeon Crawl Stone Soup version 0.24-a0-264-gf46a388 (webtiles) character file.

Game seed: 7404738137431778328

52 mopl the Bolt Thrower (level 4, 0/35 HPs)
             Began as a Formicid Hunter on Apr 19, 2019.
             Slain by a worm (9 damage)
             ... on level 2 of the Dungeon.
             The game lasted 00:01:25 (1761 turns).

mopl the Bolt Thrower (Formicid Hunter)             Turns: 1761, Time: 00:01:26

Health: 0/35       AC:  3    Str: 17    XL:     4   Next: 8%
Magic:  4/4        EV: 12    Int: 11    God:
Gold:   72         SH:  0    Dex: 11    Spells: 3/3 levels left

rFire    . . .     SeeInvis +   b - +0 short sword
rCold    . . .     Gourm    .   (no shield)
rNeg     . . .     Faith    .   c - +0 leather armour
rPois    .         Spirit   .   (helmet unavailable)
rElec    .         Reflect  .   (no cloak)
rCorr    .         Harm     .   (no gloves)
MR       .....                  (no boots)
Stlth    +.........             (no amulet)
HPRegen  0.11/turn              (no ring)
MPRegen  0.09/turn              (no ring)

@: no status effects
A: permanent stasis, dig shafts and tunnels, four strong arms, antennae 3
a: Dig, Shaft Self


You were on level 2 of the Dungeon.
You were not hungry.

You visited 1 branch of the dungeon, and saw 2 of its levels.

You collected 72 gold pieces.

Inventory:

Hand Weapons
 a - a +1 hand crossbow
 b - a +0 short sword (weapon)
Missiles
 d - 20 bolts
 h - 6 curare-tipped needles
Armour
 c - a +0 leather armour (worn)
Scrolls
 e - a scroll of enchant weapon {unknown}
 i - 2 scrolls of identify {unknown}
 k - a scroll of blinking {unknown}
Potions
 j - a potion of haste {unknown}
Comestibles
 f - 2 rations


   Skills:
 + Level 3.5 Fighting
 + Level 4.7 Crossbows
 - Level 1.7 Dodging
 - Level 1.2 Stealth


You had 3 spell levels left.
You didn't know any spells.
Your spell library was empty.

Dungeon Overview and Level Annotations

Branches:
Dungeon (2/15)

Altars:


Innate Abilities, Weirdness & Mutations

You cannot be hasted, slowed, berserked, paralysed or teleported.
You can dig through walls and to a lower floor.
Your four strong arms can wield two-handed weapons with a shield.
You have a pair of large antennae on your head. (SInv)


Message History

You are too injured to fight recklessly!
You are too injured to fight recklessly!
You are too injured to fight recklessly!
You barely miss the worm.
The worm is severely wounded.
The bat closely misses you. The goblin hits you but does no damage.
The worm closely misses you.
You hit the worm.
The worm is severely wounded.
The bat closely misses you. The goblin barely misses you. The worm bites you.
You barely miss the worm.
The worm is severely wounded.
The bat barely misses you. The goblin hits you with a +0 club.
* * * LOW HITPOINT WARNING * * *
You hit the worm.
The worm is almost dead.
The bat hits you.
* * * LOW HITPOINT WARNING * * *
The goblin hits you but does no damage. The worm bites you!
You die...

#. #. ## .. .# #
#. .# # ##.
#.##.##.#
...###.......
#......g.#
#...@..## ####
#....wb.# ....
#.......#
.....#..#....###
.....#...........
.................
....#..####.....
....#.......####
... #.......#


You could see a worm, a goblin and a bat.

Vanquished Creatures
  An adder (D:2)
  2 oozes (D:1)
  3 dart slugs (D:1)
  4 giant cockroaches (D:1)
  3 goblins (D:1)
  2 hobgoblins (D:1)
  A ball python (D:1)
  3 bats (D:1)
  2 frilled lizards (D:1)
  5 kobolds
  5 rats
31 creatures vanquished.

Notes
Turn   | Place    | Note
-------+----------+-------------------------------------------
     0 | D:1      | mopl the Formicid Hunter began the quest for the Orb.
     0 | D:1      | Reached XP level 1. HP: 16/16 MP: 1/1
    27 | D:1      | Reached XP level 2. HP: 15/23 MP: 2/2
   484 | D:1      | Reached skill level 3 in Fighting
   484 | D:1      | Reached XP level 3. HP: 14/29 MP: 3/3
  1499 | D:2      | Reached XP level 4. HP: 11/35 MP: 4/4
  1761 | D:2      | Slain by a worm

Levels and vault maps discovered:
D:1:      psy_arrival_spokes, layout_basic, minmay_pentomino_u2
D:2:      minmay_alternating_diamond, layout_loops_cross, uniq_jessica

Skill      XL: |  1  2 |
---------------+-------+-----
Fighting       | 3 |  3.5
Crossbows      | |  4.7
Dodging        | |  1.7
Stealth        | |  1.2

Action                   |  1- 3 |  4- 6 || total
-------------------------+-------+-------++-------
Melee: Short sword       |   153 |    20 ||   173
 Fire: Hand crossbow     |     1 |       ||     1
 Stab: Sleeping          |     1 |       ||     1
  Eat: Chunk             |     2 |     1 ||     3
Armor: Leather armour    |    53 |     9 ||    62
Dodge: Dodged            |   109 |    31 ||   140

Table legend:
 A = Non-vault XP
 B = Vault XP
 C = Vault XP percentage of total XP
 D = Non-vault monster count
 E = Vault monster count
 F = Vault count percentage of total count
                 A         B        C        D         E       F
            +---------+---------+-------+---------+---------+-------
      Total |      67 |       8 |  10.7 |      29 |       2 |   6.5
            +---------+---------+-------+---------+---------+-------
        D:1 |      51 |       8 |  13.6 |      26 |       2 |   7.1
        D:2 |      16 |       0 |   0.0 |       3 |       0 |   0.0
            +---------+---------+-------+---------+---------+-------
